 Dungeon Crawl Stone Soup version 0.30-a0-1103-g25895a7845 (webtiles) character file.

Game seed: 2906561438803315338

8 demibob the Charlatan (level 2, 19/19 HPs)
             Began as a Demonspawn Wanderer on Apr 18, 2023.
             Quit the game on level 1 of the Dungeon.
             The game lasted 00:00:20 (147 turns).

demibob the Charlatan (Demonspawn Wanderer)          Turns: 147, Time: 00:00:21

Health: 19/19      AC:  4    Str: 15    XL:     2   Next: 0%
Magic:  2/2        EV: 11    Int: 10    God:
Gold:   6          SH:  0    Dex: 12    Spells: 1/1 levels left

rFire   . . .      SeeInvis .    a - +0 quarterstaff
rCold   . . .      Faith    .    (shield currently unavailable)
rNeg    . . .      Spirit   .    f - +0 leather armour
rPois   .          Reflect  .    (no helmet)
rElec   .          Rampage  .    (no cloak)
rCorr   .                        (no gloves)
Will    .....                    i - +0 pair of boots
Stlth   +                        (no amulet)
HPRegen 0.23/turn                (no ring)
MPRegen 0.08/turn                (no ring)

@: no status effects
A: hooves 1
a: no special abilities


You were on level 1 of the Dungeon.
You visited 1 branch of the dungeon, and saw 1 of its levels.

You collected 6 gold pieces.


Innate Abilities, Weirdness & Mutations

You have large cloven feet.


   Skills:
 + Level 4.0 Staves
 - Level 1.7 Throwing
 - Level 4.0 Evocations


You had one spell level left.
You didn't know any spells.
Your spell library was empty.

Inventory:

Hand Weapons
 a - a +0 quarterstaff (weapon)
 d - a +0 dagger
Missiles
 c - 9 boomerangs (quivered)
Armour
 f - a +0 leather armour (worn)
 i - a +0 pair of boots (worn)
Wands
 b - a wand of light (4)
Scrolls
 e - a scroll of fog
 j - a scroll of magic mapping {unknown}
Potions
 g - a potion of haste {unknown}
 h - a potion of heal wounds {unknown}

Dungeon Overview and Level Annotations

Branches:
Dungeon (1/15)

Altars:

.# #.# ..## #.# ...###
#.# .....# #.# .....#
#.# .....# ####.#
...#.########.##.# .
.............#.#@##....
.#.###)####.###.........
.).# #.....## ##.##....#
##.###.##.## ##.# ....
##.....###.# ## #..
............# #
###...######.# ##.## #.#
#.# .#


There were no monsters in sight!


Message History

You kill the giant cockroach!
Your Staves skill increases to level 4!
No target in view!
No target in view!
No target in view!
No target in view!
No target in view!
No target in view!
No target in view!
No target in view!
No target in view!
No target in view!
No target in view!
No target in view!
HP restored.
i - a +0 pair of boots You finish putting on your +0 pair of boots.
Found a dagger.
j - a scroll labelled YSEUBE ISHRUO You see here a +0 dagger.
A rat comes into view.
A rat is nearby!
The rat bites you but does no damage.
You sock the rat!
You kill the rat!
You have reached level 2!
You feel monstrous as your demonic heritage exerts itself.
Your demonic ancestry asserts itself...
Your feet thicken and deform.
Are you sure you want to abandon this character and quit the game? (Confirm with "yes".)

Skill      XL: |  1 |
---------------+----+-----
Staves         | 4 |  4.0
Throwing       | |  1.7
Evocations     | |  4.0

Action                     || total
---------------------------++-------
  Melee: Quarterstaff      ||    12
 Armour: Leather armour    ||     3
  Dodge: Dodged            ||     3

Levels and vault maps discovered:
D:1:      dpeg_arrival_solitude, layout_loops_ring

Notes
Turn   | Place    | Note
-------+----------+-------------------------------------------
     0 | D:1      | demibob the Demonspawn Wanderer began the quest for the
                  | Orb.
     0 | D:1      | demibob set off with the following items: a +0
                  | quarterstaff, a wand of light (4), 9 boomerangs, a +0
                  | dagger, a scroll of fog, a +0 leather armour.
     0 | D:1      | Reached XP level 1. HP: 13/13 MP: 1/1
   105 | D:1      | Reached skill level 4 in Staves
   147 | D:1      | You feel monstrous as your demonic heritage exerts itself.
   147 | D:1      | Discovered your monstrous ancestry.
   147 | D:1      | Gained mutation: You have large cloven feet. [demonic
                  | ancestry]
   147 | D:1      | Reached XP level 2. HP: 19/19 MP: 2/2
   147 | D:1      | Quit the game

Vanquished Creatures
  2 giant cockroaches (D:1)
  3 goblins (D:1)
  2 rats (D:1)
7 creatures vanquished.

Table legend: (Time is in decaauts)
 A = Elapsed time spent in this place.
 B = Non-inter-level travel time spent in this place.
 C = Inter-level travel time spent in this place.
 D = Time resting spent in this place.
 E = Time spent auto-exploring this place.
 F = Levels seen in this place.
 G = Mean time per level.
                   A        B        C        D        E       F      G
               +--------+--------+--------+--------+--------+-----+--------+
         Total |    148 |    148 |      0 |      0 |    108 |   1 |  148.0 |
       Dungeon |    148 |    148 |      0 |      0 |    108 |   1 |  148.0 |
               +--------+--------+--------+--------+--------+-----+--------+

Top non-repeatable levels by time:
     D:1: 148 daAuts

Table legend:
 A = Non-vault XP
 B = Vault XP
 C = Vault XP percentage of total XP
 D = Non-vault monster count
 E = Vault monster count
 F = Vault count percentage of total count
                 A         B        C        D         E       F
            +---------+---------+-------+---------+---------+-------
      Total |      12 |       0 |   0.0 |       7 |       0 |   0.0
            +---------+---------+-------+---------+---------+-------
        D:1 |      12 |       0 |   0.0 |       7 |       0 |   0.0
            +---------+---------+-------+---------+---------+-------
